 Dungeon Crawl Stone Soup version 0.27-a0-1188-g73eefd5def (webtiles) character file.

Game seed: 8189068714977866325

69749 leviel the Peltast (level 14, -9/130 HPs)
             Began as a Minotaur Fighter on May 20, 2021.
             Was the Champion of Okawaru.
             Mangled by a bunyip (22 damage)
             ... on level 1 of the Swamp.
             The game lasted 00:44:20 (27001 turns).

leviel the Peltast (Minotaur Fighter)              Turns: 27001, Time: 00:44:21

Health: -9/130     AC: 31    Str: 30    XL:     14   Next: 91%
Magic:  21/21      EV:  7    Int:  3    God:    Okawaru [******]
Gold:   982        SH:  0    Dex: 11    Spells: 13/13 levels left

rFire    . . .     SeeInvis .   O - +2 demon trident (drain)
rCold    . . .     Faith    +   w - +10 tower shield of Ignorance {rN+ Int-4}
rNeg     + . .     Spirit   .   q - +9 plate armour of Agnosticism {rElec Str+5 Int+2}
rPois    .         Reflect  .   I - +1 hat
rElec    +         Harm     .   D - +2 cloak
rCorr    .         Rampage  .   F - +0 pair of gloves
Will     ++...                  (no boots)
Stlth    ..........             s - amulet of faith
HPRegen  0.31/turn              k - ring of willpower
MPRegen  0.17/turn              A - ring of flight

@: confused, about to teleport, ambrosia-drunk, flying
A: horns 2, retaliatory headbutt
a: Renounce Religion, Heroism, Finesse


You were on level 1 of the Swamp.
You worshipped Okawaru.
Okawaru was exalted by your worship.
You visited 5 branches of the dungeon, and saw 21 of its levels.
You visited the Abyss 1 time.

You collected 2453 gold pieces.
You spent 1471 gold pieces at shops.

Inventory:

Hand Weapons
 i - a +4 trident of freezing
 O - a +2 demon trident of draining (weapon)
Missiles
 h - 3 throwing nets
 E - 9 curare-tipped darts
Armour
 q - the +9 plate armour of Agnosticism (worn) {rElec Str+5 Int+2}
   (You bought it in a shop on level 10 of the Dungeon)

   It affects your strength (+5).
   It affects your intelligence (+2).
   It insulates you from electricity.
 w - the +10 tower shield of Ignorance (worn) {rN+ Int-4}
   (Okawaru gifted it to you on level 6 of the Lair of Beasts)

   It affects your intelligence (-4).
   It protects you from negative energy.
 D - a +2 cloak (worn)
 F - a +0 pair of gloves (worn)
 I - a +1 hat (worn)
Jewellery
 c - a +4 ring of evasion
 g - a ring of willpower
 k - a ring of willpower (left hand)
 s - an amulet of faith (around neck)
 A - a ring of flight (right hand)
Wands
 f - a wand of flame (35)
 t - a wand of iceblast (20)
 u - a wand of acid (9)
 y - a wand of mindburst (44) (quivered)
 L - a wand of charming (14)
 N - a wand of paralysis (5)
Scrolls
 a - 7 scrolls of identify {@r1}
 b - a scroll of immolation
 e - 3 scrolls of magic mapping
 v - a scroll of summoning
 x - 3 scrolls of teleportation
 C - 5 scrolls of fog
 G - 4 scrolls of blinking
 M - a scroll of enchant armour {@r2}
Potions
 d - 2 potions of attraction
 j - 2 potions of haste
 l - 4 potions of lignification
 n - 5 potions of curing
 o - a potion of flight
 r - 3 potions of ambrosia
 B - 3 potions of brilliance
 H - a potion of resistance
 K - 2 potions of berserk rage
 P - a potion of cancellation {unknown}
Miscellaneous
 J - a condenser vane


   Skills:
 - Level 13.9 Fighting
 - Level 14.0 Polearms
 + Level 14.4 Armour
 + Level 4.0 Dodging
 - Level 1.1 Stealth
 + Level 15.0 Shields
 + Level 10.8 Invocations
 + Level 1.1 Evocations


You had 13 spell levels left.
You didn't know any spells.
Your spell library contained the following spells:

 Spells                   Type           Power      Damage    Failure   Level
 Animate Skeleton         Necr           0%         N/A       100%        1
 Apportation              Tloc           0%         N/A       100%        1
 Corona                   Hex            0%         N/A       100%        1
 Freeze                   Ice            0%         1d3       100%        1
 Summon Small Mammal      Summ           0%         N/A       100%        1
 Ensorcelled Hibernation  Hex/Ice        0%         N/A       100%        2
 Confusing Touch          Hex            0%         N/A       100%        3
 Dazzling Flash           Conj/Hex       0%         N/A       100%        3
 Frozen Ramparts          Ice            0%         1d2       100%        3
 Gell's Gravitas          Tloc           0%         N/A       100%        3
 Ozocubu's Armour         Ice            0%         N/A       100%        3
 Tukima's Dance           Hex            0%         N/A       100%        3
 Animate Dead             Necr           0%         N/A       100%        4
 Hailstorm                Conj/Ice       0%         3d3       100%        4
 Petrify                  Tmut/Erth      0%         N/A       100%        4
 Borgnjor's Vile Clutch   Necr/Erth      0%         N/A       100%        5
 Metabolic Englaciation   Hex/Ice        0%         N/A       100%        5
 Summon Mana Viper        Hex/Summ       0%         N/A       100%        5
 Yara's Violent Unravell  Hex/Tmut       0%         3d3       100%        5
 Death Channel            Necr           0%         N/A       100%        6
 Simulacrum               Ice/Necr       0%         N/A       100%        6
 Summon Hydra             Summ           0%         N/A       100%        7


Dungeon Overview and Level Annotations

Branches:
Dungeon (11/15)            Temple (1/1) D:4            Lair (6/6) D:8
  Swamp (1/4) Lair:4       Spider (0/4) Lair:2          Orc (2/2) D:10
    Elf (0/3) Orc:2
  Slime: Lair:5-6

Altars:
Ashenzari
Cheibriados
Dithmenos
Elyvilon
Fedhas
Gozag
Hepliaklqana
Kikubaaqudgha
Makhleb
Nemelex Xobeh
Okawaru
Qazlal
Ru
Sif Muna
Trog
Uskayaw
Vehumet
Wu Jian
Xom
Yredelemnul
Zin
The Shining One
Beogh

Shops:
D:10 [   Orc:2 ?::(

Portals:
Hell: Lair:6

Annotations:
D:6 1 runed translucent door, 2 transporters, Crazy Yiuf; tehphobia's ghost, novice GnFE
Lair:2 exclusion: ice statue
Lair:5 exclusion: 2 oklob plants


Innate Abilities, Weirdness & Mutations

You have a pair of horns on your head.
You reflexively headbutt those who attack you in melee.


Message History

* * * LOW HITPOINT WARNING * * *
You are yanked forward by the harpoon shot.
The eleionoma hurls a spray of splinters at you.
The spray of wooden splinters hits you but does no damage.
The spriggan druid casts a spell.
The forest starts to sway and rumble!
Okay, then.
Unknown command.
A swamp worm comes into view.
The eleionoma touches a tree and draws upon its vitality.
The eleionoma is healed.
Found a war axe.
You feel better. You block the swamp worm's attack.
You block the spriggan druid's attack. The bunyip claws you!
* * * LOW HITPOINT WARNING * * *
You block the bunyip's attack.
The bunyip claws you but does no damage.
The swamp worm bites you.
* * * LOW HITPOINT WARNING * * *
You block the swamp worm's attack.
The spriggan druid hits you but does no damage.
You feel better.
A swamp worm comes into view.
The eleionoma melds with the trees.
You block the swamp worm's attack. The spriggan druid barely misses you.
Okay, then.
The trees move their gnarly branches around.
The swamp worm fires a harpoon shot at you.
You block the harpoon shot.
As you read the scroll of teleportation, it crumbles to dust.
You feel strangely unstable. Tree limbs sway around you.
The swamp worm fires a harpoon shot at you.
You block the harpoon shot. You block the spriggan druid's attack.
You are confused.
You feel invigorated. Branches wave dangerously above you.
The bunyip claws you but does no damage. x2
The bunyip claws you!!
You die...

♣..≈§≈≈≈≈≈≈≈≈.≈♣
♣♣≈≈≈.....≈≈≈♣♣
♣≈≈≈≈.)..♣♣.♣♣
♣.≈≈≈.)..♣♣♣♣
≈.≈§≈..).♣♣ ♣
....≈.>.≈.♣.♣♣
≈≈......R....♣
≈≈≈≈≈.xiw.≈.♣♣
≈≈w≈w≈≈@..≈.≈♣
≈≈≈≈≈≈...≈≈..♣
≈...≈≈.[..§≈.♣
≈≈.....≈≈≈≈≈.♣
≈≈≈.♣♣..≈§≈.≈♣
≈... ♣♣♣)...♣♣
≈.. ....♣ ≈.
≈≈≈≈♣


You could see a bunyip, an eleionoma (drained), a spriggan druid and 3 swamp
worms.

Vanquished Creatures
  The ghost of Zenkrye the Fighter, a journeyman OgTm of Gozag (Orc:2)
  A dire elephant (Lair:6)
  A bunyip (Swamp:1)
  Josephine (Orc:2)
  4 boulder beetles
  Harold (D:11)
  6 hydras
  An ice dragon (Lair:2)
  An ogre mage (Orc:2)
  2 catoblepae (Lair:6)
  A death knight (D:10)
  4 death yaks (Lair:4)
  A sun demon (Lair:6)
  A wizard (Lair:6)
  A deep elf pyromancer (D:11)
  2 orc knights
  A cyclops (D:11)
  8 orc sorcerers (Orc:2)
  3 black mambas
  14 elephants
  3 orange demons (Lair:6)
  A torpor snail (Lair:6)
  17 cane toads
  Psyche (D:11)
  13 komodo dragons
  An unseen horror (D:9)
  7 rime drakes
  2 ice devils (Lair:6)
  A hellwing (Lair:6)
  2 polar bears (Lair:2)
  A troll (Orc:2)
  Prince Ribbit (D:6)
  A hornet (D:5)
  2 tyrant leeches (Swamp:1)
  21 blink frogs
  A meliai zombie (D:10)
  A tarantella (Lair:2)
  3 spriggans (Swamp:1)
  6 wraiths
  A vampire (D:10)
  3 wyverns
  2 steam dragons
  5 basilisks
  46 yaks
  Eustachio (D:6)
  11 vampire mosquitoes
  A swamp worm (Swamp:1)
  2 wargs
  4 hell hounds (Lair:6)
  16 water moccasins
  2 black bears
  11 orc warriors
  9 ice beasts
  3 necrophages
  7 ogres
  12 centaurs
  A phantom (D:6)
  3 kobold brigands
  13 bullfrogs
  A water moccasin zombie (D:4)
  14 scorpions
  A small abomination (Abyss:2)
  15 killer bees
  6 howler monkeys
  8 wights
  5 centaur zombies
  2 jellies
  3 gnoll shamans
  A hound (D:6)
  6 orc priests
  3 centaur skeletons
  2 iguanas
  24 orc wizards
  A hound skeleton (D:4)
  2 howler monkey zombies
  9 gnolls
  A howler monkey skeleton (D:7)
  7 adders
  8 river rats (D:5)
  2 shadow imps
  2 white imps (Lair:2)
  An ufetubus (D:6)
  An adder skeleton (D:4)
  2 dart slugs
  34 orcs
  2 endoplasms
  3 giant cockroaches
  4 hobgoblins
  13 jackals
  8 quokkas
  7 ball pythons
  5 bats
  A frilled lizard (D:1)
  7 goblins
  15 kobolds
  22 rats
541 creatures vanquished.

Vanquished Creatures (others)
  Erolcha (Orc:2)
  A jelly (D:6)
  An orc priest (Orc:1)
  An iguana (D:6)
  3 orc wizards
  2 orcs
  A bush (Lair:6)
  59 fungi
  64 plants
133 creatures vanquished.

Grand Total: 674 creatures vanquished

Notes
Turn   | Place    | Note
-------+----------+-------------------------------------------
     0 | D:1      | leviel the Minotaur Fighter began the quest for the Orb.
     0 | D:1      | Reached XP level 1. HP: 19/19 MP: 0/0
   295 | D:1      | Reached XP level 2. HP: 27/27 MP: 1/1
   348 | D:1      | Reached skill level 4 in Shields
   581 | D:1      | Reached XP level 3. HP: 32/33 MP: 2/2
   654 | D:2      | Found a faded altar of an unknown god.
  1657 | D:3      | Noticed a scorpion
  1663 | D:3      | Killed a scorpion
  1664 | D:3      | Reached skill level 1 in Dodging
  1664 | D:3      | Reached XP level 4. HP: 12/40 MP: 3/3
  2431 | D:4      | Reached XP level 5. HP: 38/47 MP: 4/4
  2695 | D:4      | Reached XP level 6. HP: 42/53 MP: 5/5
  2723 | D:4      | Noticed a water moccasin
  2736 | D:4      | Killed a water moccasin
  2737 | D:4      | Reached skill level 5 in Polearms
  2737 | D:4      | Reached skill level 5 in Armour
  3108 | D:4      | Reached skill level 5 in Shields
  3204 | D:4      | Reached skill level 5 in Fighting
  3211 | D:4      | Reached XP level 7. HP: 37/61 MP: 6/6
  3432 | D:4      | Found a staircase to the Ecumenical Temple.
  3463 | Temple   | Entered the Ecumenical Temple
  3642 | Temple   | Became a worshipper of Warmaster Okawaru
  4030 | D:5      | Entered Level 5 of the Dungeon
  4089 | D:5      | Noticed a hornet
  4091 | D:5      | Killed a hornet
  4334 | D:5      | Reached * piety under Okawaru
  4335 | D:5      | Reached XP level 8. HP: 70/70 MP: 7/7
  4404 | D:5      | Upgraded the game from 0.27-a0-1186-g8b4daa1eef to
                  | 0.27-a0-1188-g73eefd5def
  4895 | D:5      | Reached skill level 6 in Shields
  5494 | D:6      | Noticed Eustachio
  5520 | D:6      | Killed Eustachio
  5521 | D:6      | Reached skill level 1 in Stealth
  5744 | D:6      | Found a runed translucent door.
  5745 | D:6      | Noticed Crazy Yiuf
  5796 | D:6      | Reached ** piety under Okawaru
  5801 | D:6      | Noticed Prince Ribbit
  5805 | D:6      | Found a shimmering altar of Xom.
  5976 | D:6      | Reached XP level 9. HP: 78/78 MP: 8/8
  6254 | D:6      | Found a transporter.
  6260 | D:6      | Noticed tehphobia's ghost (novice GnFE)
  6271 | D:6      | Found a transporter.
  6557 | D:6      | Killed Prince Ribbit
  6558 | D:6      | Reached skill level 7 in Shields
  6558 | D:6      | Reached skill level 1 in Invocations
  7338 | D:7      | Reached *** piety under Okawaru
  7959 | D:8      | Reached skill level 10 in Polearms
  8084 | D:8      | Found a staircase to the Lair.
  8099 | D:8      | Reached XP level 10. HP: 75/88 MP: 11/11
  8228 | D:8      | Reached skill level 8 in Shields
  8757 | Lair:1   | Entered Level 1 of the Lair of Beasts
  8851 | Lair:1   | Reached **** piety under Okawaru
  9407 | Lair:1   | Noticed a cane toad
  9416 | Lair:1   | Killed a cane toad
  9424 | Lair:1   | HP: 4/90 [poisoned by a cane toad]
  9428 | Lair:1   | HP: 1/90 [poisoned by a cane toad]
  9952 | Lair:1   | Reached ***** piety under Okawaru
 10547 | Lair:2   | Noticed a cane toad
 10562 | Lair:2   | Killed a cane toad
 10563 | Lair:2   | Reached skill level 9 in Shields
 11068 | D:8      | You are sucked into a shaft and drop 1 floor!
 11109 | D:8      | Reached XP level 11. HP: 49/92 MP: 13/13
 12721 | D:9      | Reached skill level 5 in Invocations
 12788 | D:10     | Entered Level 10 of the Dungeon
 12818 | D:10     | Found Caed's Armour Shoppe.
 12827 | D:10     | Found a staircase to the Orcish Mines.
 13208 | D:10     | Noticed an orc knight
 13223 | D:10     | Reached skill level 10 in Armour
 13237 | D:10     | Killed an orc knight
 13237 | D:10     | Received a gift from Okawaru
 13446 | D:10     | Noticed a death knight
 13459 | D:10     | Killed a death knight
 14493 | Lair:2   | Found a hole to the Spider Nest.
 15187 | Lair:2   | Reached skill level 10 in Shields
 15591 | Lair:2   | Reached skill level 10 in Fighting
 15613 | Lair:2   | Noticed an ice dragon
 15650 | Lair:2   | Killed an ice dragon
 15650 | Lair:2   | Received a gift from Okawaru
 15680 | Lair:2   | Reached ****** piety under Okawaru
 15979 | Lair:2   | Reached XP level 12. HP: 106/106 MP: 15/15
 15987 | Lair:2   | You are sucked into a shaft and drop 1 floor!
 17078 | Lair:3   | Noticed a boulder beetle
 17107 | Lair:3   | Killed a boulder beetle
 17375 | Lair:3   | Received a gift from Okawaru
 17443 | Lair:3   | Reached skill level 11 in Shields
 18355 | Lair:4   | Noticed a death yak
 18355 | Lair:4   | Noticed a death yak
 18355 | Lair:4   | Noticed a death yak
 18358 | Lair:4   | Found a staircase to the Swamp.
 18396 | Lair:4   | Killed a death yak
 18400 | Lair:4   | Noticed a death yak
 18406 | Lair:4   | Killed a death yak
 18415 | Lair:4   | Killed a death yak
 18575 | Lair:4   | Noticed a four-headed hydra
 18583 | Lair:4   | Killed a four-headed hydra
 18584 | Lair:4   | Reached XP level 13. HP: 113/116 MP: 16/18
 19094 | Lair:5   | Identified the +1 robe of Qayjiwor {*Corrode rN++ Int+4
                  | Dex+2} (Okawaru gifted it to you on level 5 of the Lair of
                  | Beasts)
 19094 | Lair:5   | Received a gift from Okawaru
 19098 | Lair:5   | Reached skill level 12 in Shields
 20646 | Lair:6   | Entered Level 6 of the Lair of Beasts
 20823 | Lair:6   | Reached skill level 13 in Shields
 20892 | Lair:6   | Received a gift from Okawaru
 21641 | Lair:6   | Noticed a dire elephant
 21680 | Lair:6   | Killed a dire elephant
 21680 | Lair:6   | Received a gift from Okawaru
 21681 | Lair:6   | Found the +10 tower shield of Ignorance {rN+ Int-4}
 22184 | Lair:6   | Reached XP level 14. HP: 124/127 MP: 20/20
 22425 | Lair:6   | Reached skill level 14 in Shields
 22455 | Lair:6   | Cast into level 2 of the Abyss (a wizard)
 22495 | Lair:6   | Escaped the Abyss
 22506 | Lair:6   | Found a burning altar of Makhleb.
 22576 | Lair:6   | Found a gateway to Hell.
 22902 | D:10     | Bought the +9 plate armour of Agnosticism {rElec Str+5
                  | Int+2} for 1353 gold pieces
 23410 | D:10     | Received a gift from Okawaru
 23568 | D:11     | Noticed Harold
 23587 | D:11     | Killed Harold
 23643 | D:11     | Noticed Psyche
 23649 | D:11     | Killed Psyche
 23661 | D:11     | Reached skill level 10 in Invocations
 23808 | D:11     | Identified the Disquisition on the Congealing Escort
 23936 | D:11     | Found a hazy altar of Hepliaklqana.
 24462 | Orc:1    | Entered Level 1 of the Orcish Mines
 24597 | Orc:2    | Entered Level 2 of the Orcish Mines
 24615 | Orc:2    | Found a staircase to the Elven Halls.
 24619 | Orc:2    | Found a shimmering altar of Xom.
 24753 | Orc:2    | Found a runed translucent door.
 24754 | Orc:2    | Noticed Zenkrye's ghost (journeyman OgTm)
 24920 | Orc:2    | Found Ylyrhic's Magic Scroll Emporium.
 24929 | Orc:2    | Reached skill level 15 in Shields
 25020 | Orc:2    | Found an ancient bone altar of Kikubaaqudgha.
 25026 | Orc:2    | Identified the +1 hat "Qibav" {rN++} (Okawaru gifted it to
                  | you on level 2 of the Orcish Mines)
 25026 | Orc:2    | Received a gift from Okawaru
 25314 | Orc:2    | Found a radiant altar of Vehumet.
 25320 | Orc:2    | Noticed Erolcha
 25324 | Orc:2    | Found Otisa's Book Emporium.
 25332 | Orc:2    | Killed Erolcha
 25474 | Orc:2    | Found Bunwemp's Book Emporium.
 25488 | Orc:2    | Found Gajiata's Antique Weapon Shoppe.
 25601 | Orc:2    | Bought a scroll of magic mapping for 59 gold pieces
 25601 | Orc:2    | Bought a scroll of magic mapping for 59 gold pieces
 25763 | Orc:2    | Killed Zenkrye's ghost
 26093 | Orc:1    | Noticed Josephine
 26130 | Orc:2    | Killed Josephine
 26710 | Swamp:1  | Entered Level 1 of the Swamp
 26984 | Swamp:1  | Reached skill level 1 in Evocations
 26996 | Swamp:1  | HP: 2/130 [swamp worm[a spriggan druid] (5)]
 27001 | Swamp:1  | Mangled by a bunyip

Illustrated notes

Levels and vault maps discovered:
D:1:      dpeg_arrival_ratfight, layout_rooms, serial_curves, eino_curves_04,
          eino_curves_03
D:2:      layout_basic, ebering_ecumenical_altar_ruins, serial_glass,
          glass_columns_b, glass_columns_b, minmay_pentomino_o4
D:3:      layout_loops_corners, kennysheep_generic_room_9
D:4:      minmay_bubble_buster, layout_loops_cross, minmay_temple_entry_slanted
D:5:      lemuel_ratsnest, layout_gridville, minmay_chambers_of_fives
D:6:      layout_basic, xom_confusion_cloud, gammafunk_ghost_arena,
          hangedman_decor_slide_cut, uniq_prince_ribbit1,
          uniq_crazy_yiuf_cottage, uniq_eustachio
D:7:      layout_loops_ring
D:8:      layout_layer_cave, due_lair_maze_entry_diamond, kennysheep_dice
D:9:      layout_loops_ring
D:10:     kennysheep_spiral_hall, layout_stronghold, orc_david_3
D:11:     layout_roguey, amethyst_killhole, worldfamousw_hep_ancestral_shrine,
          uniq_psyche, uniq_harold
Temple:   minmay_crystal_snake_temple
Lair:1:   layout_loops_ring, enter_volcano_4
Lair:2:   layout_cave_pods, spider_nest_entry_rubble, ice2_lemuel,
          grunt_megastairs_1
Lair:3:   layout_loops_ring, cheibrodos_lair_reptile_den
Lair:4:   layout_loops_ring, swamp_mist, grunt_megastairs_2
Lair:5:   layout_concentric_octagons, minmay_slime_entry_oklob_open
Lair:6:   evil_forest, layout_layer_cave, basic_altar, grunt_megastairs_4
Swamp:1:  layout_basic_swamp, nicolae_swamp_treefoil
Orc:1:    layout_caves, mines1_david, uniq_josephine
Orc:2:    kennysheep_orc_mage_school, layout_caves, basic_altar,
          ebering_ghost_inner_flame, nicolae_orc_crystal_geode

Skill      XL: |  1  2  3  4  5  6  7  8  9 10 11 12 13 14 |
---------------+-------------------------------------------+-----
Fighting       | 4 5 6 7 8 10 11 12 13 | 13.9
Shields        | 4 5 6 7 9 10 11 13 15 | 15.0
Polearms       | 3 4 5 6 8 10 11 13 14 | 14.0
Armour         | 4 5 6 7 8 9 10 12 13 14 | 14.4
Dodging        | 1 2 3 4 |  4.0
Stealth        | 1 |  1.1
Invocations    | 3 4 6 8 9 10 | 10.8
Evocations     | 1 |  1.1

Action                   |  1- 3 |  4- 6 |  7- 9 | 10-12 | 13-15 || total
-------------------------+-------+-------+-------+-------+-------++-------
Melee: Trident           |   120 |   136 |   403 |   740 |   201 ||  1600
       Headbutt          |     9 |    20 |    63 |   179 |   181 ||   452
       Demon trident     |       |       |       |       |   713 ||   713
Invok: Heroism           |       |       |       |     1 |     2 ||     3
       Finesse           |       |       |       |     1 |     1 ||     2
Evoke: Wand              |       |       |     4 |       |     1 ||     5
  Use: Potion            |     1 |     3 |       |     7 |     5 ||    16
       Scroll            |       |       |    15 |     5 |     4 ||    24
 Stab: Confused          |       |       |     2 |       |       ||     2
Armor: Scale mail        |    73 |    58 |   104 |   174 |    75 ||   484
       Plate armour      |       |       |       |       |   119 ||   119
Dodge: Dodged            |    39 |    49 |    97 |   179 |    94 ||   458
Block: Kite shield       |    64 |    90 |   165 |   301 |   107 ||   727
       Tower shield      |       |       |       |       |   595 ||   595

Table legend: (Time is in decaauts)
 A = Elapsed time spent in this place.
 B = Non-inter-level travel time spent in this place.
 C = Inter-level travel time spent in this place.
 D = Time resting spent in this place.
 E = Time spent auto-exploring this place.
 F = Levels seen in this place.
 G = Mean time per level.
                   A        B        C        D        E       F      G
               +--------+--------+--------+--------+--------+-----+--------+
         Total |  26675 |  25432 |   1243 |   5261 |  16504 |  22 | 1212.5 |
       Dungeon |  13570 |  12865 |    705 |   2313 |   8734 |  11 | 1233.6 |
        Temple |    204 |    163 |     41 |      0 |    161 |   1 |  204.0 |
          Lair |  10608 |  10199 |    409 |   2657 |   6245 |   6 | 1768.0 |
         Swamp |    275 |    275 |      0 |      0 |    192 |   1 |  275.0 |
  Orcish Mines |   1977 |   1891 |     86 |    290 |   1172 |   2 |  988.5 |
         Abyss |     38 |     38 |      0 |      0 |      0 |   1 |   38.0 |
               +--------+--------+--------+--------+--------+-----+--------+

Top non-repeatable levels by time:
  Lair:2: 2237 daAuts
  Lair:1: 2097 daAuts
    D:10: 1935 daAuts
  Lair:6: 1870 daAuts
  Lair:3: 1841 daAuts
     D:8: 1768 daAuts
  Lair:5: 1569 daAuts
     D:4: 1462 daAuts
     D:6: 1385 daAuts
     D:5: 1382 daAuts
   Orc:2: 1373 daAuts
     D:9: 1196 daAuts
     D:7: 1152 daAuts
     D:3: 1048 daAuts
  Lair:4: 992 daAuts
